 Dungeon Crawl Stone Soup version 0.29.1-15-g9cfb28693d (webtiles) character file.

Game seed: 9753884836100163922

90 Outlaw582 the Ruffian (level 4, 0/35 HPs)
             Began as a Draconian Transmuter on Mar 9, 2023.
             Was a Follower of Trog.
             Succumbed to a scorpion's poison
             ... on level 4 of the Dungeon on July 27, 2023.
             The game lasted 00:22:34 (2007 turns).

Outlaw582 the Ruffian (Draconian Transmuter)        Turns: 2007, Time: 00:22:35

Health: 0/35       AC:  8    Str: 15    XL:     4   Next: 32%
Magic:  6/7        EV: 10    Int: 13    God:    Trog [*.....]
Gold:   29         SH:  6    Dex: 11    Spells: 6/7 levels left

rFire   + . .      SeeInvis .   q - +0 short sword (speed)
rCold   . . .      Faith    .   m - +0 kite shield
rNeg    . . .      Spirit   .   (body armour unavailable)
rPois   .          Reflect  .   (helmet restricted)
rElec   .          Harm     .   v - +1 cloak
rCorr   .          Rampage  .   (no gloves)
Will    .....                   y - +0 pair of boots
Stlth   +.........              (no amulet)
HPRegen 0.11/turn               j - ring of protection from fire
MPRegen 0.10/turn               (no ring)

@: lethally poisoned (0 -> -4)
A: AC +5, unfitting armour, cold-blooded
a: Renounce Religion, Berserk


You were on level 4 of the Dungeon.
You worshipped Trog.
Trog was aware of your devotion.
You visited 1 branch of the dungeon, and saw 4 of its levels.

You collected 29 gold pieces.

Inventory:

Hand Weapons
 l - a +0 club
 n - a +0 dagger
 q - a +0 short sword of speed (weapon)
 w - a +0 dagger
 x - a +0 mace
Missiles
 b - 17 stones
 k - 2 poisoned darts
 p - 4 javelins
Armour
 c - a +0 robe
 g - a +0 leather armour
 i - a +0 ring mail
 m - a +0 kite shield (worn)
 u - a +0 robe
 v - a +1 cloak (worn)
 y - a +0 pair of boots (worn)
Magical Staves
 r - a staff of death
 t - a staff of fire
Jewellery
 j - a ring of protection from fire (left hand)
Scrolls
 h - 3 scrolls of identify
 o - 3 scrolls of teleportation
Potions
 a - a potion of lignification
 d - 2 potions of curing {unknown}
 e - a potion of heal wounds {unknown}
 f - 3 potions of might
 s - a potion of degeneration {unknown}
 z - a potion of brilliance {unknown}


   Skills:
 + Level 1.6 Fighting
 + Level 1.2 Short Blades
 + Level 0.6 Staves
 + Level 2.5 Dodging
 + Level 0.1 Stealth
 + Level 0.6 Shields
 + Level 3.5 Unarmed Combat
 - Level 2.2 Spellcasting
 - Level 2.2 Transmutations


You had 6 spell levels left.
You knew the following spells:

 Your Spells              Type           Power      Damage    Failure   Level
a - Beastly Appendage     Tmut           14%        N/A       34%         1

Your spell library contained the following spells:

 Spells                   Type           Power      Damage    Failure   Level
 Wereblood                Tmut           7%         N/A       47%         2
 Spider Form              Tmut/Pois      4%         N/A       86%         3
 Ice Form                 Ice/Tmut       4%         N/A       99%         4


Dungeon Overview and Level Annotations

Branches:
Dungeon (4/15)
 Temple: D:4-7

Altars:
Cheibriados
Trog
Wu Jian


Innate Abilities, Weirdness & Mutations

Your plain brown scales are hard. (AC +5)
You cannot fit into any form of body armour.
You are cold-blooded and may be slowed by cold attacks.


Message History

The scorpion stings you.
You closely miss the adder. The adder closely misses you.
The scorpion stings you but does no damage.
You barely miss the adder. The adder bites you but does no damage.
The scorpion stings you but does no damage.
You miss the adder. The adder barely misses you.
The scorpion barely misses you.
You hit the adder.
The adder is moderately wounded.
You block the adder's attack. The scorpion stings you.
You are poisoned.
The scorpion poisons you!
You closely miss the adder. You tail-slap the adder.
The adder is heavily wounded.
You feel very sick. The adder barely misses you.
The scorpion closely misses you. The adder bites you.
You miss the adder.
The adder is heavily wounded.
You feel sick. The scorpion closely misses you. You block the adder's attack.
You closely miss the adder.
The adder is heavily wounded.
You feel sick. The scorpion barely misses you. The adder bites you.
* * * LOW HITPOINT WARNING * * *
You hit the adder but do no damage.
The adder is heavily wounded.
You feel sick.
The scorpion stings you but does no damage.
You block the adder's attack.
You hit the adder.
You kill the adder!
Trog accepts your kill.
You feel sick. The scorpion stings you.
* * * LOW HITPOINT WARNING * * *
Your magical contamination has completely faded away.
* * * LOW HITPOINT WARNING * * *
You feel sick. You block the scorpion's attack. The scorpion stings you.
* * * LOW HITPOINT WARNING * * *
You see here an adder corpse.
You die...

########......#....
###.........
##.####.... ##..#
.. ###..## #
##...##
...####..###
..........##
......†.†@.#
........s...#
............#
............#
.............#
.........>....#
...!...?...##...
....#.....## .##


You could see a scorpion.

Vanquished Creatures
  A gnoll (D:1)
  3 adders
  A worm (D:2)
  2 dart slugs (D:2)
  5 ball pythons
  5 bats
  8 endoplasms
  2 giant cockroaches
  3 goblins
  4 jackals (D:3)
  3 kobolds (D:2)
  3 frilled lizards
  2 rats (D:1)
42 creatures vanquished.

Notes
Turn   | Place    | Note
-------+----------+-------------------------------------------
     0 | D:1      | Outlaw582 the Draconian Transmuter began the quest for the
                  | Orb.
     0 | D:1      | Reached XP level 1. HP: 16/16 MP: 3/3
   182 | D:1      | Reached XP level 2. HP: 17/23 MP: 3/5
   708 | D:2      | Reached XP level 3. HP: 25/28 MP: 4/6
  1490 | D:2      | You fall into a shaft and drop 1 floor!
  1495 | D:3      | Found a snail-covered altar of Cheibriados.
  1506 | D:3      | Found an ornate altar of the Wu Jian Council.
  1802 | D:3      | Reached skill level 1 in Short Blades
  1809 | D:3      | Reached XP level 4. HP: 26/35 MP: 7/7
  1812 | D:3      | Found a faded altar of an unknown god.
  1820 | D:3      | Prayed at the altar of an unknown god.
  1820 | D:3      | Became a worshipper of Trog the Wrathful
  1820 | D:3      | Reached * piety under Trog
  1991 | D:4      | Noticed a scorpion
  2006 | D:4      | HP: 1/35 [scorpion (1)]
  2007 | D:4      | Succumbed to a scorpion's poison

Illustrated notes

Levels and vault maps discovered:
D:1:      dpeg_arrival_boxes_within_box, layout_basic, serial_bayou_pond_b
D:2:      layout_basic, minmay_fractal_squares_gapless_5
D:3:      layout_loops_cross, nicolae_overflow_hidden_temple,
          nicolae_ecumenical_snake_handling, serial_rivers,
          chequers_serial_rivers_micro_e, chequers_serial_rivers_room_b,
          chequers_serial_rivers_micro_c, chequers_serial_rivers_micro_d,
          chequers_serial_rivers_large_b, nicolae_elevator_lobby_plus
D:4:      layout_rooms, hangedman_decor_diamond_cutter

Skill      XL: |  1  2  3 |
---------------+----------+-----
Dodging        | 2 |  2.5
Short Blades   | 1 |  1.2
Fighting       | |  1.6
Staves         | |  0.6
Stealth        | |  0.1
Shields        | |  0.6
Unarmed Combat | |  3.5
Spellcasting   | |  2.2
Transmutations | |  2.2

Action                   |  1- 3 |  4- 6 || total
-------------------------+-------+-------++-------
Melee: Unarmed           |    19 |       ||    19
       Tailslap          |    14 |     3 ||    17
       Kick              |    15 |     2 ||    17
       Headbutt          |    13 |       ||    13
       Punch             |     1 |       ||     1
       Club              |    16 |       ||    16
       Staff             |    36 |       ||    36
       Short sword       |    63 |    25 ||    88
 Cast: Beastly Appendage |    11 |       ||    11
  Use: Scroll            |     3 |       ||     3
Armor: Skin              |    56 |    19 ||    75
Dodge: Dodged            |    66 |    19 ||    85
Block: Kite shield       |    41 |     8 ||    49
